 Dungeon Crawl Stone Soup version 0.27.1 (webtiles) character file.

Game seed: 11206067910988927512

175 Acheron the Grasshopper (level 5, -13/46 HPs)
             Began as a Gargoyle Warper on Aug 24, 2021.
             Killed from afar by a steam dragon (18 damage)
             ... with a ball of steam
             ... on level 7 of the Dungeon.
             The game lasted 00:20:59 (3517 turns).

Acheron the Grasshopper (Gargoyle Warper)           Turns: 3517, Time: 00:21:00

Health: -13/46     AC: 11    Str: 14    XL:     5   Next: 55%
Magic:  8/8        EV: 10    Int: 14    God:
Gold:   136        SH:  0    Dex: 10    Spells: 3/8 levels left

rFire    . . .     SeeInvis .   a - +1 hand axe
rCold    . . .     Faith    .   (no shield)
rNeg     + + .     Spirit   .   i - +0 ring mail
rPois    ∞         Reflect  .   f - +1 helmet
rElec    +         Harm     .   (no cloak)
rCorr    +         Rampage  .   (no gloves)
Will     .....                  (no boots)
Stlth    ..........             (no amulet)
HPRegen  0.15/turn              j - ring of positive energy
MPRegen  0.11/turn              l - ring of resist corrosion

@: berserking, very quick
A: sickness immunity, AC +4, negative energy resistance 1, electricity
resistance, torment resistance 1, petrification resistance
a: no special abilities


You were on level 7 of the Dungeon.
You visited 1 branch of the dungeon, and saw 7 of its levels.

You collected 136 gold pieces.

Inventory:

Hand Weapons
 a - a +1 hand axe (weapon)
Missiles
 d - 3 boomerangs of dispersal (quivered)
 g - 44 stones
 k - 27 sling bullets
 m - 6 boomerangs
Armour
 f - a +1 helmet (worn)
 i - a +0 ring mail (worn)
 p - a +0 kite shield
Jewellery
 j - a ring of positive energy (left hand)
 l - a ring of resist corrosion (right hand)
Scrolls
 o - 3 scrolls of amnesia {unknown}
Potions
 b - a potion of ambrosia {unknown}
 h - 2 potions of lignification
 n - a potion of might {unknown}


   Skills:
 * Level 2.7 Fighting
 + Level 2.5 Axes
 * Level 1.7 Throwing
 * Level 2.4 Armour
 * Level 2.1 Dodging
 * Level 1.4 Stealth
 * Level 0.4 Shields
 + Level 2.2 Spellcasting
 * Level 1.3 Conjurations
 + Level 3.0 Translocations


You had 3 spell levels left.
You knew the following spells:

 Your Spells              Type           Power      Damage    Failure   Level
a - Magic Dart            Conj           20%        1d4       26%         1
b - Blink                 Tloc           N/A        N/A       21%         2
c - Searing Ray           Conj           10%        3d3       38%         2

Your spell library contained the following spells:

 Spells                   Type           Power      Damage    Failure   Level
 Gell's Gravitas          Tloc           5%         N/A       36%         3
 Lesser Beckoning         Tloc           5%         N/A       36%         3
 Teleport Other           Tloc           10%        N/A       36%         3
 Corpse Rot               Necr/Air       N/A        N/A       56%         2
 Poisonous Vapours        Pois/Air       2%         N/A       56%         2
 Stone Arrow              Conj/Erth      6%         3d7       71%         3
 Fulminant Prism          Conj/Hex       1%         3d6       98%         4
 Manifold Assault         Tloc           10%        N/A       98%         5
 Animate Armour           Summ/Erth      2%         N/A       99%         4
 Freezing Cloud           Conj/Ice/Air   1%         6-21      100%        5
 Lehudib's Crystal Spear  Conj/Erth      1%         10d2      100%        8


Dungeon Overview and Level Annotations

Branches:
Dungeon (7/15)
 Temple: D:4-7

Altars:

Annotations:
D:2 exclusion: 2 downstairs
D:3 Robin
D:6 exclusions: downstairs and upstairs


Innate Abilities, Weirdness & Mutations

You are immune to sickness and miasma.
Your stone body is resilient. (AC +4)
You are immune to poison.
You resist negative energy. (rN+)
You are resistant to electric shocks. (rElec)
You are resistant to unholy torment.
You are immune to petrification.


Message History

Found an escape hatch in the ceiling.
o - 3 scrolls labelled IMUSOAREHY (gained 1)
You now have 136 gold pieces (gained 14).
Okay, then.
There is an escape hatch in the ceiling here.
There is an escape hatch in the ceiling here.
There is a stone staircase leading down here.
You climb downwards.
The steam dragon breathes steam at you. The ball of steam hits you!!
Ouch! That really hurt!
The steam dragon bites you.
* * * LOW HITPOINT WARNING * * *
The steam dragon closely misses you.
There is a stone staircase leading up here.
Throw: 5 boomerangs (disperse)
Press: ? - help, Q - select action, (/) - cycle Shift-Dir - straight line, f - steam dragon
Aim: a steam dragon (56% to hit)
You throw a boomerang of dispersal.
The boomerang of dispersal barely misses the steam dragon.
You are engulfed in a cloud of scalding steam.
* * * LOW HITPOINT WARNING * * *
The steam dragon bites you but does no damage.
The steam dragon claws you but does no damage.
Throw: 4 boomerangs (disperse)
Press: ? - help, Q - select action, (/) - cycle Shift-Dir - straight line, f/p - steam dragon
Aim: a steam dragon (56% to hit)
You throw a boomerang of dispersal.
The boomerang of dispersal hits the steam dragon but does no damage.
The steam dragon bites you but does no damage.
The steam dragon claws you but does no damage.
Okay, then.
A red film seems to cover your vision as you go berserk!
You feel yourself moving faster!
You feel mighty! The steam dragon bites you.
* * * LOW HITPOINT WARNING * * *
The steam dragon claws you but does no damage.
You closely miss the steam dragon. The steam dragon breathes steam at you.
The ball of steam hits you!!
You die...

. #.#
..### ...
#D###.#.#
#.@.....#
#####.#.#


You could see a steam dragon (catching breath).

Vanquished Creatures
  2 jellies
  A gnoll (D:5)
  4 adders
  A shadow imp (D:6)
  2 dart slugs
  11 ball pythons
  2 bats
  7 endoplasms
  2 giant cockroaches (D:1)
  A goblin (D:2)
  5 hobgoblins
  4 jackals (D:3)
  A quokka (D:1)
  6 frilled lizards
  7 kobolds
  5 rats
61 creatures vanquished.

Notes
Turn   | Place    | Note
-------+----------+-------------------------------------------
     0 | D:1      | Acheron the Gargoyle Warper began the quest for the Orb.
     0 | D:1      | Reached XP level 1. HP: 12/12 MP: 3/3
   264 | D:1      | Reached skill level 1 in Throwing
   264 | D:1      | Reached XP level 2. HP: 15/17 MP: 5/5
   627 | D:2      | Learned a level 1 spell: Magic Dart
   630 | D:2      | Learned a level 2 spell: Blink
   633 | D:2      | Learned a level 2 spell: Searing Ray
   728 | D:1      | Reached XP level 3. HP: 17/22 MP: 6/6
   855 | D:1      | Reached skill level 1 in Stealth
  1079 | D:3      | Noticed Robin
  1679 | D:2      | Reached XP level 4. HP: 17/27 MP: 7/7
  2671 | D:5      | Entered Level 5 of the Dungeon
  2870 | D:5      | Reached skill level 3 in Translocations
  2870 | D:5      | Reached XP level 5. HP: 11/31 MP: 8/8
  3085 | D:6      | Noticed an ogre
  3094 | D:5      | Noticed an ogre
  3398 | D:6      | Reached skill level 1 in Conjurations
  3513 | D:7      | Noticed a steam dragon
  3517 | D:7      | Killed from afar by a steam dragon

Illustrated notes

Levels and vault maps discovered:
D:1:      dpeg_cavernosity, layout_basic, st_stairs_9
D:2:      layout_rooms, patterned_corridor
D:3:      layout_basic, mainiacjoe_overflow_24_doors,
          hellmonk_ecumenical_altar_lost_god, hangedman_glass_teeth,
          minmay_circle_x, uniq_robin, uniq_sigmund, uniq_natasha
D:4:      layout_loops_ring, fedhas_ov_isle_minmay
D:5:      minmay_opposing_rooms, layout_rooms, chequers_serial_rivers_micro_a
D:6:      layout_basic, kennysheep_mini, tso_metal_star,
          minmay_temple_entry_trees, serial_shops, nicolae_shop_waterfront
D:7:      layout_loops_ring, serial_shops, shop, grunt_tough_drop

Skill      XL: |  1  2  3  4  5 |
---------------+----------------+-----
Throwing       | 1 |  1.7
Stealth        | 1 |  1.4
Axes           | 2 |  2.5
Dodging        | 2 |  2.1
Armour         | 2 |  2.4
Translocations | 3 |  3.0
Conjurations   | 1 |  1.3
Fighting       | |  2.7
Shields        | |  0.4
Spellcasting   | |  2.2

Action                   |  1- 3 |  4- 6 || total
-------------------------+-------+-------++-------
Melee: Hand axe          |   132 |   111 ||   243
Throw: Boomerang         |       |    10 ||    10
 Cast: Blink             |       |     5 ||     5
  Use: Scroll            |     4 |     2 ||     6
       Potion            |       |     1 ||     1
Armor: Leather armour    |    24 |       ||    24
       Ring mail         |    53 |    88 ||   141
Dodge: Dodged            |   104 |    72 ||   176
